 Dungeon Crawl Stone Soup version 0.29-a0-82-g837932c90e (webtiles) character file.

Game seed: 9696279235249385751

179 lordive the Magician (level 5, -6/40 HPs)
             Began as a Djinni Warper on Feb 5, 2022.
             Mangled by Grinder (8 damage)
             ... on level 4 of the Dungeon.
             The game lasted 00:03:58 (4022 turns).

lordive the Magician (Djinni Warper)                Turns: 4022, Time: 00:03:59

Health: -6/40      AC:  3    Str: 10    XL:     5   Next: 90%
Gold:   164        EV: 12    Int: 16    God:
                   SH:  0    Dex: 13

rFire   + + .      SeeInvis .   s - +0 long sword
rCold   x . .      Faith    .   (no shield)
rNeg    . . .      Spirit   .   b - +0 leather armour
rPois   ∞          Reflect  .   (no helmet)
rElec   .          Harm     .   (no cloak)
rCorr   .          Rampage  .   (no gloves)
Will    .....                   (boots unavailable)
Stlth   +.........              (no amulet)
HPRegen 0.13/turn               (no ring)
MPRegen 0.00/turn               (no ring)

@: flying
A: sickness immunity, fire resistance 2, cold vulnerability 1, float, innate
caster, HP casting, extra vitality 1
a: no special abilities


You were on level 4 of the Dungeon.
You visited 1 branch of the dungeon, and saw 4 of its levels.

You collected 164 gold pieces.

Inventory:

Hand Weapons
 a - a +0 falchion
 s - a +0 long sword (weapon)
Missiles
 d - 5 boomerangs of dispersal
 k - 6 silver javelins
 l - 8 boomerangs
Armour
 b - a +0 leather armour (worn)
Wands
 o - a wand of paralysis (7)
 t - a wand of flame (23)
Scrolls
 c - a scroll of blinking
 g - 6 scrolls of identify {unknown}
 j - a scroll of enchant weapon {unknown}
 m - a scroll of teleportation {unknown}
 n - a scroll of brand weapon {unknown}
 r - a scroll of noise {unknown}
 w - a scroll of fog {unknown}
Potions
 f - a potion of magic {unknown}
 h - 3 potions of flight {unknown}
 i - a potion of attraction {unknown}
 p - a potion of mutation {unknown}
 q - a potion of might {unknown}
 u - a potion of degeneration {unknown}
 v - a potion of lignification {unknown}
 x - a potion of resistance {unknown}


   Skills:
 + Level 3.0 Fighting
 + Level 3.0 Long Blades
 - Level 0.7 Throwing
 + Level 2.3 Armour
 + Level 2.6 Dodging
 + Level 0.6 Stealth
 * Level 3.1 Spellcasting


You couldn't memorise any spells.
You knew the following spells:

 Your Spells              Type           Power      Damage    Failure   Level
a - Blink                 Tloc           24%        N/A       11%         2
b - Lesser Beckoning      Tloc           12%        N/A       21%         3
c - Gell's Gravitas       Tloc           12%        N/A       21%         3
d - Teleport Other        Tloc           12%        N/A       21%         3
e - Manifold Assault      Tloc           12%        N/A       88%         5
f - Shock                 Conj/Air       48%        1d6       7%          1
g - Searing Ray           Conj           24%        2d5       11%         2
Your spell library was empty.

Dungeon Overview and Level Annotations

Branches:
Dungeon (4/15)
 Temple: D:4-7

Altars:
Dithmenos
Elyvilon

Annotations:
D:4 Grinder


Innate Abilities, Weirdness & Mutations

You are immune to sickness and miasma.
You are immune to poison.
Your flesh is very heat resistant. (rF++)
You are vulnerable to cold. (rC-)
You float through the air rather than walking.
You learn spells naturally, not from books.
Your magical power is your life essence.
You have superior vitality. (+4 MHP)


Message History

An endoplasm is nearby!
An endoplasm is nearby!
Grinder comes into view.
The endoplasm quivers.
Grinder says, "Mostly I couldn't keep them alive."
Grinder closely misses you. The endoplasm freezes you.
You are frozen.
The searing ray hits the endoplasm!
You kill the endoplasm! (Press . to maintain the ray.) Grinder gestures at you.
You resist with significant effort. Grinder hits you!
You writhe in agony.
Grinder hits you!
You writhe in agony.
* * * LOW HITPOINT WARNING * * *
You are too injured to fight recklessly!
You are too injured to fight recklessly!
Unknown command.
Casting: Searing Ray (safe; 11% risk of failure)
Confirm with . or Enter, or press ? or * to list all spells.
Restarting spell: Searing Ray (safe; 11% risk of failure)
Press: ? - help, Shift-Dir - straight line, f - Grinder
Aim: Grinder (73% to hit)
The searing ray hits Grinder.
Grinder is lightly wounded. (Press . to maintain the ray.)
* * * LOW HITPOINT WARNING * * *
Grinder hits you.
* * * LOW HITPOINT WARNING * * *
You writhe in agony.
* * * LOW HITPOINT WARNING * * *
The searing ray hits Grinder but does no damage.
Grinder is lightly wounded.
* * * LOW HITPOINT WARNING * * *
Grinder rolls her eyes.
Grinder closely misses you.
Unknown command.
It was a potion of cancellation.
You feel magically purged. Grinder hits you!
You die...

##.....###.....>###.#
##.....##...........#
##.....##...........#
.......##...........##
.......#####..#......#
..###### #..##.....#
..# #..###....# ..#
...#..#...# ..#
.####.@.#..# ### ##
#.5..#.# #.....#.#
#.....##.# ####### ##


You could see Grinder.

Vanquished Creatures
  A hound (D:4)
  A hound skeleton (D:4)
  7 adders
  2 dart slugs (D:1)
  An orc (D:4)
  3 bats
  3 endoplasms
  4 giant cockroaches
  6 hobgoblins
  8 jackals
  5 quokkas
  7 ball pythons
  4 frilled lizards
  6 goblins
  2 kobolds
  10 rats
70 creatures vanquished.

Notes
Turn   | Place    | Note
-------+----------+-------------------------------------------
     0 | D:1      | lordive the Djinni Warper began the quest for the Orb.
     0 | D:1      | Reached XP level 1. HP: 18/18 MP: 0/0
   340 | D:1      | Reached XP level 2. HP: 21/23 MP: 0/0
   874 | D:1      | Reached XP level 3. HP: 23/29 MP: 0/0
   874 | D:1      | Learned a level 1 spell: Shock
  1138 | D:1      | Found a faded altar of an unknown god.
  1453 | D:2      | Reached XP level 4. HP: 6/34 MP: 0/0
  2187 | D:3      | Found a shadowy altar of Dithmenos.
  2366 | D:3      | Reached XP level 5. HP: 11/39 MP: 0/0
  2366 | D:3      | Learned a level 2 spell: Searing Ray
  2691 | D:3      | Found a white marble altar of Elyvilon.
  4015 | D:4      | Noticed Grinder
  4022 | D:4      | Mangled by Grinder

Illustrated notes

Levels and vault maps discovered:
D:1:      psy_arrival_spokes, layout_loops_ring,
          dreamdust_ecumenical_altar_angels_and_demons
D:2:      layout_rooms
D:3:      layout_loops_ring, mainiacjoe_overflow_small_starburst,
          mainiacjoe_overflow_alcove_2
D:4:      layout_basic, hangedman_abyss_or_decor_jellyfish_corner, uniq_grinder

Skill      XL: |  1  2  3  4  5 |
---------------+----------------+-----
Long Blades    | 2 3 |  3.0
Armour         | 2 |  2.3
Spellcasting   | 3 |  3.1
Fighting       | 3 |  3.0
Throwing       | |  0.7
Dodging        | |  2.6
Stealth        | |  0.6

Action                   |  1- 3 |  4- 6 || total
-------------------------+-------+-------++-------
Melee: Falchion          |   115 |   114 ||   229
       Punch             |     1 |     1 ||     2
       Long sword        |       |    19 ||    19
 Cast: Searing Ray       |       |     7 ||     7
  Use: Potion            |       |     1 ||     1
 Stab: Sleeping          |     1 |     1 ||     2
Armor: Leather armour    |    38 |    47 ||    85
Dodge: Dodged            |    70 |    92 ||   162

Table legend: (Time is in decaauts)
 A = Elapsed time spent in this place.
 B = Non-inter-level travel time spent in this place.
 C = Inter-level travel time spent in this place.
 D = Time resting spent in this place.
 E = Time spent auto-exploring this place.
 F = Levels seen in this place.
 G = Mean time per level.
                   A        B        C        D        E       F      G
               +--------+--------+--------+--------+--------+-----+--------+
         Total |   4068 |   3965 |    103 |      0 |   3326 |   4 | 1017.0 |
       Dungeon |   4068 |   3965 |    103 |      0 |   3326 |   4 | 1017.0 |
               +--------+--------+--------+--------+--------+-----+--------+

Top non-repeatable levels by time:
     D:3: 1430 daAuts
     D:1: 1365 daAuts
     D:2: 825 daAuts
     D:4: 447 daAuts
